 Dungeon Crawl Stone Soup version 0.26.0-10-g1f06aea511 (webtiles) character file.

Game seed: 6520666905293196572

8185 Borgoz the Fighter (level 11, 0/97 HPs)
             Began as a Ghoul Gladiator on Jan 30, 2021.
             Was a Believer of Ashenzari.
             Slain by a two-headed ogre
             ... wielding a cursed +0 dire flail
              (23 damage)
             ... on level 12 of the Dungeon.
             The game lasted 00:15:03 (13034 turns).

Borgoz the Fighter (Ghoul Gladiator)               Turns: 13034, Time: 00:15:03

Health: 0/97       AC: 14    Str: 19    XL:     11   Next: 26%
Magic:  10/10      EV: 16    Int:  3    God:    Ashenzari [**....]
Gold:   487        SH:  0    Dex: 13    Spells: 10/10 levels left

rFire    + . .     SeeInvis .   a - +1 long sword
rCold    + . .     Faith    .   (no shield)
rNeg     + + +     Spirit   .   z - +2 ring mail {rF+}
rPois    ∞         Reflect  .   c - +0 helmet
rElec    .         Harm     .   g - +0 cloak
rCorr    .         Rampage  .   (no gloves)
Will     .....                  e - +2 pair of boots
Stlth    +.........             s - amulet of the acrobat
HPRegen  0.00/turn              (no ring)
MPRegen  0.12/turn              (no ring)

@: no status effects
A: claws 1, cold resistance 1, negative energy resistance 3, inhibited
regeneration, torment resistance, unbreathing
a: Renounce Religion, Curse Item, Scrying


You were on level 12 of the Dungeon.
You worshipped Ashenzari.
Ashenzari was pleased with you.
You visited 2 branches of the dungeon, and saw 13 of its levels.

You collected 487 gold pieces.

Inventory:

Hand Weapons
 a - a +1 long sword (weapon)
 b - a +4 short sword of venom
Armour
 c - a +0 helmet (worn)
 e - a +2 pair of boots (worn)
 g - a +0 cloak (worn)
 y - the cursed +0 robe "Tegiutros" {Str+3}
   (You found it on level 6 of the Dungeon)

   It affects your strength (+3).
   It has a curse placed upon it.
 z - a +2 ring mail of fire resistance (worn)
Jewellery
 p - an uncursed ring of ice
 s - an amulet of the acrobat (around neck)
Wands
 d - a wand of acid (23)
Scrolls
 h - 3 scrolls of blinking
 i - 2 scrolls of enchant armour
 j - a scroll of fog
 k - 4 scrolls of remove curse
 m - 5 scrolls of magic mapping
 n - a scroll of identify
 u - 2 scrolls of teleportation
 A - a scroll of fear
Potions
 f - a potion of cancellation
 o - a potion of flight
 q - 3 potions of brilliance
 t - a potion of attraction
 v - a potion of resistance


   Skills:
 * Level 9.0 Fighting
 * Level 8.9 Long Blades
 - Level 1.7 Throwing
 * Level 7.2 Armour
 * Level 8.9 Dodging


You had 10 spell levels left.
You didn't know any spells.
Your spell library contained the following spells:

 Spells                   Type           Power        Failure   Level
 Magic Dart               Conj           0%           69%         1
 Searing Ray              Conj           0%           83%         2
 Dazzling Flash           Conj/Hex       0%           96%         3
 Cause Fear               Hex            0%           100%        4
 Fulminant Prism          Conj/Hex       0%           100%        4
 Iskenderun's Mystic Bla  Conj/Tloc      0%           100%        4
 Silence                  Hex/Air        0%           100%        5
 Yara's Violent Unravell  Hex/Tmut       0%           100%        5
 Discord                  Hex            0%           100%        8


Dungeon Overview and Level Annotations

Branches:
Dungeon (12/15)            Temple (1/1) D:7            Lair (0/6) D:8
    Orc (0/2) D:10

Altars:
Ashenzari
Cheibriados
Dithmenos
Elyvilon
Fedhas
Gozag
Hepliaklqana
Kikubaaqudgha
Makhleb
Nemelex Xobeh
Okawaru
Qazlal
Ru
Sif Muna
Trog
Uskayaw
Vehumet
Wu Jian
Xom
Yredelemnul
Zin
The Shining One


Innate Abilities, Weirdness & Mutations

You thrive by killing the living.
You are immune to poison.
You have sharp fingernails.
Your flesh is cold resistant. (rC+)
You are immune to negative energy. (rN+++)
You do not regenerate when monsters are visible.
You are immune to unholy pain and torment.
You can survive without breathing.


Message History

You barely miss the two-headed ogre.
The two-headed ogre is heavily wounded.
You hit the two-headed ogre but do no damage.
The two-headed ogre is heavily wounded.
The two-headed ogre misses you.
You riposte.
You hit the two-headed ogre.
The two-headed ogre is heavily wounded.
The two-headed ogre closely misses you.
You hit the two-headed ogre but do no damage.
The two-headed ogre is heavily wounded.
The two-headed ogre hits you with a cursed +0 dire flail!
* * * LOW HITPOINT WARNING * * *
The two-headed ogre closely misses you.
You barely miss the two-headed ogre.
The two-headed ogre is heavily wounded.
The two-headed ogre misses you. The two-headed ogre closely misses you.
You hit the two-headed ogre.
The two-headed ogre is heavily wounded.
The two-headed ogre closely misses you.
The two-headed ogre hits you with a +0 giant spiked club!!
You die...

* * * ### *
, ...,, ,*
,, ..#####
........., ,
* .........,
* * ,
#......#,,
*##.#.#.#,
*** * * *
*#....#@# ,
.#.##...{#O#
*
........{oo#
,*
#......<...#
,
#..###..####
* * #..., ,
, , *#..###
* *,, *#.# ,
,, #. * * **


You could see a two-headed ogre, an orc warrior and an orc.

Vanquished Creatures
  2 two-headed ogres
  A troll (D:10)
  A queen bee (D:9)
  Prince Ribbit (D:5)
  A vampire (D:10)
  3 yaks (D:9)
  Menkaure (D:7)
  Duvessa (D:3)
  2 orc warriors
  An ice beast (D:8)
  A hornet zombie (D:9)
  A phantom (D:7)
  3 necrophages
  2 sky beasts
  6 ogres
  3 centaurs
  2 big kobolds
  4 bullfrogs
  A wyvern zombie (D:9)
  Dowan (D:3)
  25 killer bees
  2 scorpions (D:9)
  A water moccasin skeleton (D:10)
  8 wights
  6 howler monkeys
  2 quasits
  6 hounds
  A centaur skeleton (D:9)
  Crazy Yiuf (D:5)
  3 orc priests
  6 jellies
  5 orc wizards
  Ijyb (D:4)
  4 iguanas
  6 worker ants
  3 hound skeletons
  3 worker ant zombies
  Robin (D:4)
  A howler monkey skeleton (D:10)
  11 gnolls
  10 adders
  4 shadow imps
  4 white imps
  7 ufetubi
  3 oozes
  3 adder zombies
  An adder skeleton (D:8)
  3 worms
  3 leopard geckos
  26 orcs
  3 giant cockroaches (D:6)
  5 hobgoblins
  6 jackals
  6 kobolds
  6 quokkas
  5 ball pythons
  7 bats
  6 frilled lizards
  14 goblins
  A leopard gecko zombie (D:6)
  2 rats
259 creatures vanquished.

Notes
Turn   | Place    | Note
-------+----------+-------------------------------------------
     0 | D:1      | Borgoz the Ghoul Gladiator began the quest for the Orb.
     0 | D:1      | Reached XP level 1. HP: 17/17 MP: 0/0
   748 | D:1      | Reached XP level 2. HP: 24/24 MP: 1/1
  1212 | D:2      | Reached XP level 3. HP: 17/30 MP: 2/2
  2162 | D:3      | Reached skill level 1 in Armour
  2162 | D:3      | Reached XP level 4. HP: 24/37 MP: 3/3
  2381 | D:3      | Found a hide-covered altar of Uskayaw.
  2426 | D:3      | Reached skill level 3 in Fighting
  2426 | D:3      | Reached XP level 5. HP: 11/45 MP: 4/4
  2702 | D:3      | Found a shimmering altar of Xom.
  3050 | D:3      | Found a hazy altar of Hepliaklqana.
  3052 | D:3      | Found a glowing golden altar of the Shining One.
  3052 | D:3      | Found a stormy altar of Qazlal.
  3054 | D:3      | Found a bloodstained altar of Trog.
  3054 | D:3      | Found a glowing silver altar of Zin.
  3054 | D:3      | Found a shimmering altar of Xom.
  3325 | D:4      | Noticed Duvessa
  3325 | D:4      | Noticed Dowan
  3365 | D:3      | Killed Duvessa
  3366 | D:3      | Reached XP level 6. HP: 16/51 MP: 5/5
  3367 | D:3      | HP: 1/51 [Dowan/shard of ice (14)]
  3604 | D:4      | Noticed Robin
  3617 | D:4      | Killed Robin
  3819 | D:4      | Reached XP level 7. HP: 58/58 MP: 6/6
  4205 | D:4      | Noticed Ijyb
  4221 | D:4      | Killed Ijyb
  4501 | D:4      | Reached skill level 4 in Fighting
  4501 | D:4      | Reached skill level 5 in Long Blades
  4675 | D:4      | Reached skill level 5 in Dodging
  4870 | D:5      | Entered Level 5 of the Dungeon
  5028 | D:5      | Found a burning altar of Makhleb.
  5074 | D:5      | Reached XP level 8. HP: 67/67 MP: 7/7
  5281 | D:5      | Found a broken altar of Ashenzari.
  5343 | D:5      | Became a worshipper of Ashenzari the Shackled
  5432 | D:5      | Noticed Prince Ribbit
  5455 | D:5      | Killed Prince Ribbit
  5724 | D:5      | Found a runed translucent door.
  5725 | D:5      | Noticed Crazy Yiuf
  5923 | D:5      | Killed Crazy Yiuf
  6006 | D:3      | Killed Dowan
  6290 | D:6      | Reached skill level 5 in Fighting
  6677 | D:6      | Reached XP level 9. HP: 62/74 MP: 8/8
  6855 | D:6      | Got the cursed robe "Tegiutros" {Str+3}
  7104 | D:7      | Found a staircase to the Ecumenical Temple.
  7121 | Temple   | Entered the Ecumenical Temple
  7779 | D:7      | Found an opulent altar of Gozag.
  7878 | D:7      | Reached skill level 6 in Fighting
  7920 | D:7      | Found a broken altar of Ashenzari.
  7933 | D:7      | Noticed Menkaure
  7944 | D:7      | Killed Menkaure
  7945 | D:7      | Reached * piety under Ashenzari
  8624 | D:8      | Found a broken altar of Ashenzari.
  8695 | D:8      | Noticed a two-headed ogre
  8708 | D:8      | Reached skill level 5 in Armour
  8748 | D:8      | Killed a two-headed ogre
  8749 | D:8      | Reached skill level 7 in Fighting
  8749 | D:8      | Reached XP level 10. HP: 22/86 MP: 9/9
  9226 | D:8      | Noticed a death yak
  9228 | D:8      | Found a staircase to the Lair.
  9228 | D:8      | Noticed a death yak
  9231 | D:8      | Noticed a death yak
  9980 | D:9      | Reached skill level 8 in Fighting
 10860 | D:10     | Entered Level 10 of the Dungeon
 11166 | D:10     | Found a staircase to the Orcish Mines.
 11802 | D:10     | Found a shimmering blue altar of Sif Muna.
 11802 | D:10     | Noticed a two-headed ogre
 11817 | D:10     | Killed a two-headed ogre
 11818 | D:10     | Reached XP level 11. HP: 72/95 MP: 10/10
 12204 | D:10     | Reached ** piety under Ashenzari
 12257 | D:10     | Reached skill level 9 in Fighting
 12993 | D:11     | Noticed a boulder beetle
 13013 | D:11     | Noticed a cyclops
 13017 | D:12     | Noticed a two-headed ogre
 13034 | D:12     | Slain by a two-headed ogre

Illustrated notes

Levels and vault maps discovered:
D:1:      nicolae_arrival_somewhat_less_tricky_arrival, layout_basic
D:2:      layout_loops_ring, minmay_between
D:3:      layout_basic, old_standard_altar, overflow_temple_1_default,
          doesnt_xom_only_xom
D:4:      layout_layer_cave, uniq_robin, uniq_ijyb, uniq_duvessa
D:5:      layout_basic, basic_altar, bloody_makhleb, uniq_crazy_yiuf_cottage,
          uniq_prince_ribbit1
D:6:      kennysheep_windowed_halls, layout_loops_ring
D:7:      layout_layer_cave, general_overflow_altar, lemuel_doored_altar,
          minmay_temple_entry_antechambers, uniq_menkaure
D:8:      layout_basic, dpeg_lair_monsters, ashenzari_altar_1
D:9:      layout_irregular_city, minivault_7
D:10:     layout_basic, orc_0_dummy, minmay_ruined_shrine
D:11:     layout_stronghold
D:12:     layout_basic, serial_rivers, chequers_serial_rivers_micro_c,
          chequers_serial_rivers_micro_e, chequers_serial_rivers_micro_b,
          chequers_serial_rivers_micro_a, serial_bayou_pond_d
Temple:   eino_narrow_crystal_temple

Skill      XL: |  1  2  3  4  5  6  7  8  9 10 11 |
---------------+----------------------------------+-----
Long Blades    | 3 4 5 6 7 8 |  8.9
Dodging        | 3 4 5 6 7 8 |  8.9
Armour         | 1 2 3 5 7 |  7.2
Fighting       | 3 4 5 7 8 9 |  9.0
Throwing       | |  1.7

Action                   |  1- 3 |  4- 6 |  7- 9 | 10-12 || total
-------------------------+-------+-------+-------+-------++-------
Melee: Long sword        |    99 |    96 |       |   103 ||   298
       Short sword       |       |    70 |   460 |   410 ||   940
Throw: Throwing net      |     2 |     6 |     1 |     2 ||    11
  Use: Scroll            |       |     9 |     9 |     5 ||    23
       Potion            |       |     6 |       |     7 ||    13
 Stab: Held in net/web   |     2 |     1 |     1 |     1 ||     5
       Sleeping          |       |     1 |       |       ||     1
Armor: Leather armour    |    36 |    63 |    95 |       ||   194
       Ring mail         |       |       |    71 |   214 ||   285
Dodge: Dodged            |    74 |   139 |   394 |   491 ||  1098
       Rpst.: Long sword |    28 |    32 |       |    31 ||    91
